 Dungeon Crawl Stone Soup version 0.30.1 (webtiles) character file.

Game seed: 11436493575662790672

0 javelincjr the Caller (level 1, 0/13 HPs)
             Began as a Demonspawn Summoner on July 12, 2023.
             Slain by a hobgoblin (5 damage)
             ... on level 1 of the Dungeon.
             The game lasted 00:00:09 (38 turns).

javelincjr the Caller (Demonspawn Summoner)           Turns: 38, Time: 00:00:10

Health: 0/13       AC:  2    Str:  8    XL:     1   Next: 8%
Magic:  0/3        EV: 12    Int: 16    God:
Gold:   0          SH:  0    Dex: 13    Spells: 3/4 levels left

rFire   . . .        (no weapon)
rCold   . . .        (no shield)
rNeg    . . .        a - +0 robe
rPois   .            (no helmet)
rElec   .            (no cloak)
rCorr   .            (no gloves)
SInv    .            (no boots)
Will    .....        (no amulet)
Stlth   ++           (no ring)
HPRegen 0.22/turn    (no ring)
MPRegen 0.08/turn

%: no passive effects
@: no status effects
A: no striking features
a: no special abilities


You were on level 1 of the Dungeon.
You visited 1 branch of the dungeon, and saw 1 of its levels.

Inventory:

Armour
 a - a +0 robe (worn)
Potions
 b - a potion of magic


   Skills:
 + Level 1.7 Dodging
 + Level 1.7 Stealth
 + Level 2.0 Spellcasting
 + Level 4.0 Summonings


You had 3 spell levels left.
You knew the following spells:

 Your Spells              Type           Power      Damage    Failure   Level
a - Summon Small Mammal   Summ           56%        N/A       4%          1

Your spell library contained the following spells:

 Spells                   Type           Power      Damage    Failure   Level
 Call Imp                 Summ           28%        N/A       6%          2
 Call Canine Familiar     Summ           14%        N/A       12%         3
 Summon Guardian Golem    Hex/Summ       8%         N/A       26%         3
 Summon Lightning Spire   Summ/Air       8%         N/A       65%         4


Dungeon Overview and Level Annotations

Branches:
Dungeon (1/15)

Altars:


Message History

Below lies the Orb of Zot, rumoured to be powerful enough to resurrect a god...
Press ? for a list of commands and other information.
Found a staircase leading out of the dungeon.
There is a staircase leading out of the dungeon here.
A hobgoblin comes into view.
The hobgoblin shouts!
You hear a shout!
A goblin comes into view. It is wielding a +0 club.
A rat comes into view.
Found a stone staircase leading down.
Your bat hits the hobgoblin but does no damage.
The hobgoblin barely misses your bat.
Your rat barely misses the hobgoblin.
You swap places.
Your rat bites the hobgoblin but does no damage.
Your bat barely misses the rat.
The rat closely misses you. The hobgoblin hits your rat.
Your rat dies!
Your rat's corpse disappears in a puff of smoke!
The hobgoblin shouts!
Your bat hits the rat but does no damage.
The rat closely misses you.
The hobgoblin hits you but does no damage.
You closely miss the hobgoblin.
Your bat closely misses the goblin.
Your bat barely misses the rat.
Your bat misses the goblin.
Your bat hits the rat but does no damage.
The rat barely misses you. The hobgoblin hits you.
The goblin hits you with a +0 club.
You closely miss the hobgoblin. Your bat hits the goblin. x2
The rat completely misses you. The hobgoblin closely misses you.
The goblin hits you with a +0 club.
You are too injured to fight recklessly!
You are too injured to fight recklessly!
Unknown command.
The hobgoblin attacks as you move away! The hobgoblin closely misses you.
Your bat barely misses the rat.
Your bat misses the goblin.
Your bat barely misses the rat.
Your bat completely misses the goblin.
Your bat hits the rat but does no damage.
Your bat hits the goblin.
The goblin dies!
The hobgoblin attacks as you move away! The hobgoblin hits you.
You die...

#........###...
###..##### #...
###########..#######...
.......................
.......................
#########.###############
..... #.# .....>###.#
#....r@.# .......g..#
.......bb.# ..........#
#.........# #...#######
.... .##


You could see a hobgoblin (ally target), a rat and 2 friendly bats.

Vanquished Creatures (collateral kills)
  A goblin (D:1)
1 creature vanquished.

Notes
Turn   | Place    | Note
-------+----------+-------------------------------------------
     0 | D:1      | javelincjr the Demonspawn Summoner began the quest for the
                  | Orb.
     0 | D:1      | Reached XP level 1. HP: 13/13 MP: 3/3
    38 | D:1      | Slain by a hobgoblin

Illustrated notes

Levels and vault maps discovered:
D:1:      dpeg_arrival_boxes_within_box, layout_basic, hangedman_feature_mirror,
          minmay_distorted

Action                     || total
---------------------------++-------
  Melee: Unarmed           ||     2
   Cast: Summon Small Mamm ||     3
 Armour: Robe              ||     1
  Dodge: Dodged            ||     6
